[Event "FIDE WCCC G10 2018"]
[Site "Santiago de Compostela"]
[Date "2018.11.09"]
[Round "5"]
[White "Zakirova, Aisha"]
[Black "Nguyen, Ha Khanh Linh"]
[Result "1/2-1/2"]
[ECO "A84"]
[WhiteElo "1678"]
[BlackElo "1449"]
[Annotator "NA RC"]
[PlyCount "82"]
[EventDate "2018.11.04"]
[EventType "swiss"]
[EventCountry "ESP"]
[SourceTitle "playchess.com"]
[Source "ChessBase"]
[SourceQuality "1"]
[TimeControl "40/5400+30:1800+30"]

1. d4 f5 2. c4 Nf6 3. Nf3 e6 4. g3 c6 5. Bg2 d5 6. O-O Bd6 7. b3 Qe7 8. Bb2 O-O 9. Qc1 a5 10. Ba3 Bxa3 11. Nxa3 Ne4 12. Nc2 Nd7 13. Nce1 e5 14. cxd5 cxd5 15. Nd3 exd4 16. Nxd4 Ndf6 17. Qb2 Bd7 18. Rac1 Rfc8 19. Nf4 b5 20. f3 Nd6 21. Qd2 b4 22. Nc2 Qe5 23. Nd4 Nb5 24. Nxb5 Bxb5 25. Rfd1 Rxc1 26. Rxc1 d4 27. Rd1 Rc8 28. Kf2 g5 29. Nd3 Qe3+ 30. Qxe3 dxe3+ 31. Kxe3 Nd5+ 32. Kd2 Nc3 33. Rc1 Re8 34. Bf1 Nxa2 35. Ra1 Nc3 36. Rxa5 Rd8 37. Ke3 Nd5+ 38. Kd2 Nc3 39. Ra7 Be8 40. Kc2 Rc8 41. Kd2 Rb8 1/2-1/2

[Event "FIDE WCCC G10 2018"]
[Site "Santiago de Compostela"]
[Date "2018.11.09"]
[Round "5"]
[White "Anupam M Sreekumar"]
[Black "Shefali A N"]
[Result "1/2-1/2"]
[ECO "C44"]
[WhiteElo "1615"]
[BlackElo "1258"]
[Annotator "NA RC"]
[PlyCount "158"]
[EventDate "2018.11.04"]
[EventType "swiss"]
[EventCountry "ESP"]
[SourceTitle "playchess.com"]
[Source "ChessBase"]
[SourceQuality "1"]
[TimeControl "40/5400+30:1800+30"]

1. e4 e5 2. Nf3 Nc6 3. d4 exd4 4. Nxd4 Nf6 5. Nc3 Bb4 6. Nxc6 bxc6 7. Bd3 O-O 8. O-O d5 9. exd5 cxd5 10. Bg5 Be6 11. Qf3 Be7 12. h3 Rb8 13. Rab1 c5 14. Bf5 d4 15. Bxf6 Bxf6 16. Ne4 Bxa2 17. Ra1 Bc4 18. Rfd1 Qb6 19. Ra3 g6 20. b3 Bb5 21. Bd7 Bg7 22. Bxb5 Qxb5 23. Rxa7 Qb6 24. Ra4 f5 25. Nd2 Qb7 26. Qd3 Kh8 27. Rda1 Ra8 28. Nc4 Rxa4 29. Rxa4 Qe4 30. Qd2 Re8 31. Ra1 Qe7 32. Qd3 Bf6 33. Kf1 Bg5 34. Nd2 Bxd2 35. Qxd2 Qd7 36. Re1 Qb5+ 37. Kg1 Qd7 38. Qa5 Rxe1+ 39. Qxe1 Qd6 40. Qe2 Qd5 41. Qb5 Qe5 42. Kf1 Qd6 43. Qc4 Kg7 44. Qb5 Kh8 45. Ke2 Qe5+ 46. Kd1 Qd6 47. Kc1 Qf4+ 48. Kb2 Qd6 49. Ka2 Kg7 50. Qb7+ Kh8 51. Qb5 Kg7 52. f3 f4 53. Qb7+ Kh8 54. Qe4 Kg7 55. Kb2 Kh8 56. Kc1 g5 57. Kd2 h6 58. Qe1 Kg7 59. Qe4 Kh8 60. c3 Qb6 61. Qe5+ Kh7 62. Qf5+ Kh8 63. Qc8+ Kh7 64. Qd7+ Kh8 65. Qe8+ Kg7 66. Qe7+ Kg8 67. cxd4 Qb4+ 68. Kc2 Qxd4 69. Qe2 Kf7 70. Qc4+ Qxc4+ 71. bxc4 Ke6 72. Kb3 Ke5 73. Kc3 Kf5 74. Kd2 Ke5 75. Kd3 Kf5 76. Kc3 Ke5 77. Kd3 Kf5 78. Kc3 Ke5 79. Kd3 Kf5 1/2-1/2

[Event "FIDE WCCC G10 2018"]
[Site "Santiago de Compostela"]
[Date "2018.11.09"]
[Round "5"]
[White "Szczotka, Klara"]
[Black "Zhou, Yafei"]
[Result "0-1"]
[ECO "C18"]
[WhiteElo "1581"]
[BlackElo "1648"]
[Annotator "NA RC"]
[PlyCount "120"]
[EventDate "2018.11.04"]
[EventType "swiss"]
[EventCountry "ESP"]
[SourceTitle "playchess.com"]
[Source "ChessBase"]
[SourceQuality "1"]
[TimeControl "40/5400+30:1800+30"]

1. e4 e6 2. d4 d5 3. Nc3 Bb4 4. e5 c5 5. a3 Bxc3+ 6. bxc3 Ne7 7. f4 Nbc6 8. Nf3 Qa5 9. Bd2 c4 10. Qe2 Qa4 11. Be3 Bd7 12. g3 O-O-O 13. Bg2 h6 14. Kd2 Rdg8 15. g4 Nb8 16. h4 Na6 17. Rhb1 Nc6 18. Ra2 Nc7 19. Qd1 f6 20. Bh3 Rf8 21. h5 fxe5 22. Nxe5 Nxe5 23. dxe5 Nb5 24. Rb4 Qa5 25. Qa1 Nc7 26. Ke2 Na6 27. Rb1 Nc5 28. Qb2 b6 29. Qb4 Qxb4 30. cxb4 Ne4 31. Bd4 Rxf4 32. Rg1 Ng5 33. Be3 Nxh3 34. Rg3 Re4 35. Rxh3 d4 36. Kd2 dxe3+ 37. Rxe3 Rxe3 38. Kxe3 Rf8 39. a4 Bc6 40. b5 Bd5 41. Ra1 Rf3+ 42. Ke2 Kd7 43. Rd1 Rg3 44. Rf1 Ke7 45. Rf4 Ra3 46. Kd2 Rxa4 47. Ke2 Ra5 48. g5 hxg5 49. Rg4 Rxb5 50. Rxg5 Kf7 51. Rg3 a5 52. Kd2 Rc5 53. Ra3 Rc8 54. Ra1 Ra8 55. Rb1 Ra6 56. Kc3 Kg8 57. Rg1 Kh7 58. Rg6 b5 59. Kb2 b4 60. Rg3 a4 0-1

[Event "FIDE WCCC G10 2018"]
[Site "Santiago de Compostela"]
[Date "2018.11.09"]
[Round "5"]
[White "Chen, Yining"]
[Black "Khamdamova, Afruza"]
[Result "1-0"]
[ECO "D38"]
[WhiteElo "1457"]
[BlackElo "1691"]
[Annotator "NA RC"]
[PlyCount "95"]
[EventDate "2018.11.04"]
[EventType "swiss"]
[EventCountry "ESP"]
[SourceTitle "playchess.com"]
[Source "ChessBase"]
[SourceQuality "1"]
[TimeControl "40/5400+30:1800+30"]

1. d4 Nf6 2. c4 e6 3. Nf3 d5 4. Nc3 Bb4 5. Bg5 O-O 6. e3 h6 7. Bxf6 Qxf6 8. Qb3 Bxc3+ 9. bxc3 c6 10. cxd5 exd5 11. Bd3 b6 12. O-O Be6 13. Rac1 Nd7 14. c4 dxc4 15. Bxc4 Bxc4 16. Qxc4 c5 17. d5 Ne5 18. Nxe5 Qxe5 19. Rfe1 f5 20. a4 Rad8 21. Rcd1 Rd6 22. f3 Kh8 23. e4 fxe4 24. Qxe4 Qf6 25. Qe7 Qxe7 26. Rxe7 a5 27. Re6 Rfd8 28. Rxd6 Rxd6 29. Kf2 Kg8 30. Ke3 Kf7 31. Ke4 Ke7 32. f4 Rd8 33. Rb1 Rb8 34. Ke5 Kd7 35. d6 Kc6 36. Ke6 Rd8 37. Rd1 c4 38. d7 Kc5 39. Ke7 Rxd7+ 40. Kxd7 Kb4 41. Kc6 Kxa4 42. Kxb6 c3 43. g4 c2 44. Rc1 Kb3 45. Kxa5 Kb2 46. Rf1 c1=Q 47. Rxc1 Kxc1 48. g5 1-0

[Event "FIDE WCCC G10 2018"]
[Site "Santiago de Compostela"]
[Date "2018.11.09"]
[Round "5"]
[White "Yildiz, Elif Zeren"]
[Black "Vu, My Linh"]
[Result "1-0"]
[ECO "B06"]
[WhiteElo "1448"]
[BlackElo "1349"]
[Annotator "NA RC"]
[PlyCount "101"]
[EventDate "2018.11.04"]
[EventType "swiss"]
[EventCountry "ESP"]
[SourceTitle "playchess.com"]
[Source "ChessBase"]
[SourceQuality "1"]
[TimeControl "40/5400+30:1800+30"]

1. e4 g6 2. d4 d6 3. Nc3 Bg7 4. Be3 Nf6 5. f3 a6 6. Qd2 b5 7. Bh6 Bf8 8. Bxf8 Kxf8 9. Qh6+ Kg8 10. O-O-O Qf8 11. Qe3 b4 12. Nce2 a5 13. h4 h5 14. Kb1 Nbd7 15. Nh3 a4 16. Nhf4 e5 17. dxe5 Nxe5 18. Nd4 Bd7 19. Nd5 Qd8 20. Be2 Rb8 21. Rdf1 c5 22. Nxf6+ Qxf6 23. f4 cxd4 24. Qxd4 Ng4 25. e5 Qe7 26. Bxg4 Bxg4 27. exd6 Qd7 28. Re1 b3 29. Re7 Qc6 30. Rhe1 Rc8 31. c3 bxa2+ 32. Ka1 a3 33. d7 axb2+ 34. Kxb2 a1=Q+ 35. Kxa1 Ra8+ 36. Kb2 Rb8+ 37. Kc1 Bxd7 38. Rxd7 Qa8 39. Qf6 Qa3+ 40. Kd2 Qb2+ 41. Ke3 Qb3 42. Kf3 Rc8 43. Re3 Qc4 44. Kg3 Qb3 45. Kh2 Qc4 46. Re4 Qa2 47. c4 Rf8 48. Rxf7 Rxf7 49. Re8+ Rf8 50. Rxf8+ Kh7 51. Rxh8# 1-0

[Event "FIDE WCCC G10 2018"]
[Site "Santiago de Compostela"]
[Date "2018.11.09"]
[Round "5"]
[White "Cereijo Suarez, Nerea"]
[Black "Edithso, Samantha"]
[Result "0-1"]
[ECO "E81"]
[WhiteElo "1368"]
[BlackElo "1879"]
[Annotator "NA RC"]
[PlyCount "64"]
[EventDate "2018.11.04"]
[EventType "swiss"]
[EventCountry "ESP"]
[SourceTitle "playchess.com"]
[Source "ChessBase"]
[SourceQuality "1"]
[TimeControl "40/5400+30:1800+30"]

1. d4 Nf6 2. c4 g6 3. Nc3 Bg7 4. e4 d6 5. f3 O-O {[%emt 0:00:13] LiveBook: 10621 Games} 6. Be3 c6 7. Qd2 e6 {[%emt 0:01:16] E81: King's Indian: Sämisch: 6th move deviations (including 6 Be3 c6)} (7... a6 8. Bd3 b5 9. Nge2 Nbd7 10. Rd1 Bb7 11. O-O bxc4 12. Bxc4 a5 13. Na4 Ba6 14. Bxa6 Rxa6 15. Rc1 Qa8 16. b3 Nb6 17. Nec3 Ne8 {0-1 (66) Gagunashvili,M (2588)-Jojua,D (2575) Tbilisi 2017}) 8. Nge2 Nbd7 9. Nc1 a5 $146 ({Predecessor:} 9... b6 10. Be2 a5 11. O-O Ba6 12. b3 Qb8 13. Nd3 b5 14. cxb5 cxb5 15. Rac1 {1-0 (37) Liang,J (1754)-Rahman,K (1986) Hampstead 2013}) 10. Bd3 e5 11. d5 cxd5 12. cxd5 b6 13. O-O Nc5 14. Bxc5 bxc5 15. a4 Nh5 16. N1e2 f5 17. Nb5 f4 18. Nec3 g5 19. Be2 Nf6 20. g4 fxg3 21. hxg3 Bh3 22. Rfc1 Nh5 23. g4 Nf4 24. Bf1 (24. Nd1 $15) 24... h5 25. gxh5 $2 (25. Ne2 hxg4 26. Nxf4 Rxf4 27. Bxh3 gxh3 28. Rc3) 25... g4 26. Qh2 Qh4 27. Bxh3 (27. Rc2 $142 Rad8 28. Nc7) 27... Nxh3+ 28. Kh1 g3 29. Qg2 Nf4+ 30. Kg1 Nxg2 31. Kxg2 Qh2+ 32. Kf1 Qf2# 0-1

[Event "FIDE WCCC G10 2018"]
[Site "Santiago de Compostela"]
[Date "2018.11.09"]
[Round "5"]
[White "Qu, Greta"]
[Black "Wu, Abbie"]
[Result "1-0"]
[ECO "B30"]
[WhiteElo "1360"]
[BlackElo "1446"]
[Annotator "NA RC"]
[PlyCount "111"]
[EventDate "2018.11.04"]
[EventType "swiss"]
[EventCountry "ESP"]
[SourceTitle "playchess.com"]
[Source "ChessBase"]
[SourceQuality "1"]
[TimeControl "40/5400+30:1800+30"]

1. e4 c5 2. Nf3 Nc6 3. Bb5 a6 4. Bxc6 dxc6 5. O-O g6 6. Re1 Bg7 7. Nc3 e5 8. d3 Qe7 9. Be3 Nf6 10. h3 Nd7 11. Qd2 Nf8 12. Na4 Ne6 13. Nb6 Rb8 14. a4 O-O 15. a5 Nd4 16. Nxd4 cxd4 17. Bg5 f6 18. Bh6 Be6 19. Bxg7 Kxg7 20. Qe2 Rbe8 21. Qf3 Qc5 22. Qe2 f5 23. exf5 Bxf5 24. g4 Be6 25. Qxe5+ Qxe5 26. Rxe5 Bg8 27. Rae1 Kf7 28. Nd7 Rxe5 29. Rxe5 Rd8 30. Nc5 Kf6 31. f4 Rd5 32. Rxd5 Bxd5 33. Nxb7 Ke6 34. Nc5+ Kd6 35. Nxa6 c5 36. b4 cxb4 37. Nxb4 Ba8 38. Na2 Bd5 39. Nc1 Bf3 40. Nb3 Bb7 41. Nxd4 Kd5 42. Nb3 Ba6 43. Kf2 Bc8 44. Ke3 Ba6 45. c4+ Kd6 46. Kd4 Ke6 47. Nc5+ Kd6 48. Nxa6 Kc6 49. f5 g5 50. f6 h5 51. f7 hxg4 52. f8=Q Kb7 53. Nc5+ Ka7 54. a6 g3 55. Qf3 g4 56. Qb7# 1-0

[Event "FIDE WCCC G10 2018"]
[Site "Santiago de Compostela"]
[Date "2018.11.09"]
[Round "5"]
[White "Unurzul, Davaakhuu"]
[Black "Rouda Essa, Alserkal"]
[Result "1-0"]
[ECO "B77"]
[WhiteElo "1342"]
[BlackElo "1635"]
[Annotator "NA RC"]
[PlyCount "57"]
[EventDate "2018.11.04"]
[EventType "swiss"]
[EventCountry "ESP"]
[SourceTitle "playchess.com"]
[Source "ChessBase"]
[SourceQuality "1"]
[TimeControl "40/5400+30:1800+30"]

1. e4 c5 2. Nf3 d6 3. d4 cxd4 4. Nxd4 Nf6 5. Nc3 g6 6. Be3 Bg7 7. f3 O-O 8. Bc4 Nc6 9. Qd2 Nd7 10. O-O-O Nb6 11. Bb3 Na5 12. Qd3 Nxb3+ 13. Nxb3 Bd7 14. g4 Rc8 15. Bd4 Bxd4 16. Qxd4 Rc4 17. Qe3 Qc7 18. h4 Na4 19. Rd3 Rc8 20. Nxa4 Rxc2+ 21. Kb1 Bxa4 22. h5 Bb5 23. Rd2 Ba4 24. Rdd1 Bxb3 25. Qxb3 b6 26. hxg6 hxg6 27. f4 Qc4 28. Qh3 e6 29. Qh8# 1-0

[Event "FIDE WCCC G10 2018"]
[Site "Santiago de Compostela"]
[Date "2018.11.09"]
[Round "5"]
[White "Zavivaeva, Evelina"]
[Black "Sureda Gonzalez, Cristina"]
[Result "0-1"]
[ECO "B31"]
[WhiteElo "1323"]
[BlackElo "1422"]
[Annotator "NA RC"]
[PlyCount "48"]
[EventDate "2018.11.04"]
[EventType "swiss"]
[EventCountry "ESP"]
[SourceTitle "playchess.com"]
[Source "ChessBase"]
[SourceQuality "1"]
[TimeControl "40/5400+30:1800+30"]

1. e4 c5 2. Nf3 Nc6 3. Bb5 g6 4. Bxc6 bxc6 5. c4 Bg7 6. Nc3 Bb7 7. d3 e6 8. O-O d5 9. exd5 cxd5 10. cxd5 exd5 11. Bf4 Ne7 12. Qb3 Bc6 13. Ne5 O-O 14. Nxc6 Nxc6 15. Qxd5 Qxd5 16. Nxd5 Bxb2 17. Rab1 Be5 18. Be3 Rfd8 19. Nf4 Bxf4 20. Bxf4 Rxd3 21. Rbc1 Rd5 22. Be3 Nd4 23. Bxd4 cxd4 24. Rfd1 Rad8 0-1

[Event "FIDE WCCC G10 2018"]
[Site "Santiago de Compostela"]
[Date "2018.11.09"]
[Round "5"]
[White "Abdinova, Narmin"]
[Black "Shvedova, Alexandra"]
[Result "1/2-1/2"]
[ECO "B22"]
[WhiteElo "1320"]
[BlackElo "1782"]
[Annotator "NA RC"]
[PlyCount "74"]
[EventDate "2018.11.04"]
[EventType "swiss"]
[EventCountry "ESP"]
[SourceTitle "playchess.com"]
[Source "ChessBase"]
[SourceQuality "1"]
[TimeControl "40/5400+30:1800+30"]

1. e4 c5 2. c3 Nf6 3. e5 Nd5 4. Bc4 Nb6 5. Bb3 Nc6 6. d4 cxd4 7. cxd4 g6 8. Nf3 Bg7 9. O-O O-O 10. Nc3 d6 11. exd6 Bg4 12. dxe7 Qxe7 13. Be3 Nxd4 14. Bxd4 Bxf3 15. Qxf3 Bxd4 16. Nd5 Nxd5 17. Bxd5 Rab8 18. Rab1 Rfe8 19. Rfd1 Bxb2 20. Bxf7+ Qxf7 21. Qxf7+ Kxf7 22. Rxb2 Re7 23. f3 Rc8 24. Rbd2 b6 25. Kf2 Rc5 26. Rd7 Ra5 27. Rxe7+ Kxe7 28. Rd2 b5 29. Ke1 a6 30. Kd1 Ra4 31. Kc1 Rh4 32. g3 Rb4 33. Rb2 Ra4 34. Rd2 a5 35. Kb2 Rb4+ 36. Kc3 Rc4+ 37. Kb2 Rb4+ 1/2-1/2

[Event "FIDE WCCC G10 2018"]
[Site "Santiago de Compostela"]
[Date "2018.11.09"]
[Round "5"]
[White "Chekhani, Anna"]
[Black "Stoll, Lucia"]
[Result "1-0"]
[ECO "A01"]
[WhiteElo "1288"]
[BlackElo "1369"]
[Annotator "NA RC"]
[PlyCount "121"]
[EventDate "2018.11.04"]
[EventType "swiss"]
[EventCountry "ESP"]
[SourceTitle "playchess.com"]
[Source "ChessBase"]
[SourceQuality "1"]
[TimeControl "40/5400+30:1800+30"]

1. b3 e5 2. Bb2 Nc6 3. e3 Nf6 4. Bb5 Bd6 5. Na3 Na5 6. Nf3 a6 7. Be2 e4 8. Ne5 b5 9. f4 O-O 10. c4 c6 11. O-O Re8 12. Nc2 Bf8 13. cxb5 axb5 14. b4 Nb7 15. a3 Qb6 16. Nd4 Nd5 17. Qb3 f6 18. Ng4 Kh8 19. Nxb5 d6 20. Nc3 Ne7 21. Rac1 Nc5 22. Qc2 Nd7 23. Nxe4 Ng6 24. Ng3 Bb7 25. Kh1 Rac8 26. Bd3 Nh4 27. Nf5 Ng6 28. Bd4 c5 29. bxc5 dxc5 30. Bb2 Qc6 31. e4 Red8 32. Nge3 Nb6 33. Nc4 Nxc4 34. Qxc4 Rxd3 35. Qxd3 Ba6 36. Qf3 Bxf1 37. Rxf1 Qb5 38. Bc3 Ne7 39. Nd6 Qc6 40. Nxc8 Qxc8 41. e5 f5 42. Rb1 Nc6 43. Qd5 Qa6 44. Qf7 Qa8 45. Rb7 Ne7 46. Rxe7 Bxe7 47. Qxe7 h6 48. e6 Qg8 49. Qf7 c4 50. Qxg8+ Kxg8 51. a4 Kf8 52. a5 Ke7 53. a6 Kxe6 54. a7 Kd6 55. a8=Q Ke6 56. Qc6+ Kf7 57. Qxc4+ Ke7 58. Qc6 Kd8 59. Qb7 Ke8 60. Qc7 Kf8 61. Qd7 1-0

[Event "FIDE WCCC G10 2018"]
[Site "Santiago de Compostela"]
[Date "2018.11.09"]
[Round "5"]
[White "Ho, Ngoc Vy"]
[Black "Petrosyan, Ani"]
[Result "1-0"]
[ECO "A41"]
[WhiteElo "1275"]
[BlackElo "1442"]
[Annotator "NA RC"]
[PlyCount "51"]
[EventDate "2018.11.04"]
[EventType "swiss"]
[EventCountry "ESP"]
[SourceTitle "playchess.com"]
[Source "ChessBase"]
[SourceQuality "1"]
[TimeControl "40/5400+30:1800+30"]

1. d4 d6 2. c4 e5 3. Nc3 g6 4. Nf3 Bg7 5. dxe5 dxe5 6. Qxd8+ Kxd8 7. e4 c6 8. Be3 Kc7 9. h3 Ne7 10. Bc5 Re8 11. Rd1 Nd7 12. Bd6+ Kb6 13. Ng5 h6 14. Nxf7 Ng8 15. b4 a6 16. c5+ Ka7 17. Bc7 Re7 18. Bc4 Ngf6 19. Nd6 Nxc5 20. Bd8 Rd7 21. Bxf6 Bxf6 22. bxc5 Rd8 23. O-O Be7 24. Nf7 Re8 25. Na4 Bd7 26. Rxd7 1-0

[Event "FIDE WCCC G10 2018"]
[Site "Santiago de Compostela"]
[Date "2018.11.10"]
[Round "6"]
[White "Edithso, Samantha"]
[Black "Chen, Yining"]
[Result "1-0"]
[ECO "B40"]
[WhiteElo "1879"]
[BlackElo "1457"]
[Annotator "NA"]
[PlyCount "85"]
[EventDate "2018.11.04"]
[EventType "swiss"]
[EventCountry "ESP"]
[SourceTitle "playchess.com"]
[Source "ChessBase"]
[SourceQuality "1"]
[TimeControl "40/5400+30:1800+30"]

1. e4 c5 2. Nf3 e6 3. d4 cxd4 4. c3 Nf6 5. e5 Nd5 6. cxd4 d6 7. Bb5+ Bd7 8. Bc4 Qc7 9. Bxd5 exd5 10. O-O Be7 11. Nc3 $16 Be6 12. Bf4 Qd7 13. Rc1 a6 14. Qb3 Nc6 15. exd6 Bxd6 16. Bxd6 Qxd6 17. Qxb7 O-O 18. Na4 Na5 19. Qc7 Qb4 20. b3 Nb7 21. Nb6 Rab8 22. Ne5 Nd6 23. Nbd7 Rbc8 24. Qb6 Qxb6 25. Nxb6 Rxc1 26. Rxc1 Nb5 27. Nc6 Re8 28. f3 f6 29. Kf2 Kf7 30. Rc5 Nc7 31. Nd8+ Rxd8 32. Rxc7+ Kg6 33. Rc6 Bf7 34. Na4 Ra8 35. Nc5 a5 36. Nd3 Kh6 37. g4 Bg6 38. Nf4 Bb1 39. h4 g6 40. Ne6 Bxa2 41. g5+ Kh5 42. Rc7 Rh8 43. gxf6 1-0

[Event "FIDE WCCC G10 2018"]
[Site "Santiago de Compostela"]
[Date "2018.11.10"]
[Round "6"]
[White "Zhapova, Yana"]
[Black "Qu, Greta"]
[Result "1/2-1/2"]
[ECO "B36"]
[WhiteElo "1821"]
[BlackElo "1360"]
[Annotator "NA"]
[PlyCount "87"]
[EventDate "2018.11.04"]
[EventType "swiss"]
[EventCountry "ESP"]
[SourceTitle "playchess.com"]
[Source "ChessBase"]
[SourceQuality "1"]
[TimeControl "40/5400+30:1800+30"]

1. e4 c5 2. Nf3 Nc6 3. d4 cxd4 4. Nxd4 g6 5. c4 Nf6 6. Nc3 Nxd4 7. Qxd4 d6 8. Be2 Bg7 9. Be3 O-O 10. Qd2 Be6 $14 {[%emt 0:04:45] LiveBook: 782 Games} 11. O-O Qa5 12. Rac1 a6 13. f3 Rfc8 14. Nd5 Qxd2 15. Bxd2 Nxd5 16. cxd5 Bd7 17. Be3 Bb5 18. Bxb5 axb5 19. Rxc8+ Rxc8 20. Rc1 Rxc1+ 21. Bxc1 Kf8 22. b3 Ke8 23. Be3 Kd7 24. Kf2 Bc3 25. Ke2 Bb4 26. Kd3 Bc5 27. Bd2 Kc7 28. Ba5+ Bb6 29. Bxb6+ Kxb6 30. Kd4 Ka5 31. a3 Kb6 32. f4 Kc7 33. g4 Kd7 34. e5 Kc7 35. Ke4 h6 36. h4 Kd7 37. f5 dxe5 38. Kxe5 f6+ 39. Kd4 gxf5 40. gxf5 Kd6 41. b4 h5 42. Ke4 b6 43. Kd4 Kc7 44. Ke4 1/2-1/2

[Event "FIDE WCCC G10 2018"]
[Site "Santiago de Compostela"]
[Date "2018.11.10"]
[Round "6"]
[White "Shvedova, Alexandra"]
[Black "Unurzul, Davaakhuu"]
[Result "1/2-1/2"]
[ECO "C54"]
[WhiteElo "1782"]
[BlackElo "1342"]
[Annotator "NA"]
[PlyCount "107"]
[EventDate "2018.11.04"]
[EventType "swiss"]
[EventCountry "ESP"]
[SourceTitle "playchess.com"]
[Source "ChessBase"]
[SourceQuality "1"]
[TimeControl "40/5400+30:1800+30"]

1. e4 e5 2. Nf3 Nc6 3. Bc4 Bc5 4. c3 Nf6 5. d4 exd4 6. e5 d5 7. Bb5 Ne4 8. cxd4 Bb6 9. Nc3 Ba5 10. Qa4 Bxc3+ 11. bxc3 Bd7 12. Qb3 O-O 13. O-O Bg4 14. Ne1 Ng5 15. Bxg5 Qxg5 16. Qxd5 Na5 17. Bd3 Nc6 18. f4 Qh4 19. h3 Be6 20. Qe4 g6 21. d5 Bf5 22. Qe3 Ne7 23. c4 Bxd3 24. Qxd3 Nf5 25. Kh2 c5 26. g3 Qd8 27. g4 Nd4 28. Nf3 Qb6 29. Nxd4 cxd4 30. Rfb1 Qa6 31. Qxd4 Rac8 32. Rc1 Qa3 33. Qc3 Qc5 34. Qd2 Qa3 35. Rc3 Qb4 36. a3 Qa4 37. c5 Rfd8 38. Qd3 Qxf4+ 39. Kg2 Qxe5 40. Rd1 Rxd5 41. Qxd5 Qxc3 42. Rf1 Rf8 43. Rf3 Qb2+ 44. Kg3 Qc1 45. Kg2 Qb2+ 46. Kg3 Kg7 47. Rb3 Qc1 48. Rxb7 Qxa3+ 49. Kg2 Qa6 50. c6 Qe2+ 51. Kg1 Qe1+ 52. Kg2 Qe2+ 53. Kg1 Qe1+ 54. Kg2 1/2-1/2

[Event "FIDE WCCC G10 2018"]
[Site "Santiago de Compostela"]
[Date "2018.11.10"]
[Round "6"]
[White "Khamdamova, Afruza"]
[Black "Chekhani, Anna"]
[Result "1/2-1/2"]
[ECO "B85"]
[WhiteElo "1691"]
[BlackElo "1288"]
[Annotator "NA RC"]
[PlyCount "214"]
[EventDate "2018.11.04"]
[EventType "swiss"]
[EventCountry "ESP"]
[SourceTitle "playchess.com"]
[Source "ChessBase"]
[SourceQuality "1"]
[TimeControl "40/5400+30:1800+30"]

1. e4 c5 2. Nf3 e6 3. d4 cxd4 4. Nxd4 Nf6 5. Nc3 d6 6. Be2 a6 7. O-O Qc7 8. Be3 b5 9. a3 Bb7 10. Bf3 Nbd7 11. Bg5 h6 12. Bxf6 Nxf6 13. Re1 Be7 14. a4 b4 15. Na2 d5 16. exd5 Bxd5 17. Bxd5 Nxd5 18. Nf5 O-O 19. Nxe7+ Nxe7 20. Nxb4 Rfd8 21. Qe2 Nf5 22. c3 a5 23. Nd3 Rab8 24. Ne5 Rd6 25. Nc4 Rc6 26. Na3 Nd6 27. Red1 Rcb6 28. Rxd6 Qxd6 29. Nc4 Qc7 30. Nxb6 Qxb6 31. Rb1 Qb3 32. Qe5 Rd8 33. h3 Qc2 34. Re1 Qxb2 35. Qxa5 Rc8 36. Re3 Qb1+ 37. Kh2 Qb8+ 38. Rg3 Qf4 39. Qb4 Rc4 40. Qb2 Rxa4 41. c4 g6 42. c5 Rc4 43. Qa3 Qxf2 44. c6 Qc5 45. Qa8+ Kg7 46. Qa1+ e5 47. Rf3 Rc1 48. Qa2 f6 49. Ra3 h5 50. c7 Qg1+ 51. Kg3 Rxc7 52. h4 Qe1+ 53. Kh3 Rc3+ 54. Rxc3 Qxc3+ 55. Kh2 Qd4 56. g3 e4 57. Qa3 Qf2+ 58. Kh3 Qf5+ 59. Kh2 Qf2+ 60. Kh3 Qf1+ 61. Kh2 Qf2+ 62. Kh3 Qf5+ 63. Kh2 Qd7 64. Qe3 f5 65. Qc3+ Kh7 66. Qe5 Qg7 67. Qe6 Qa7 68. Kg2 Qb7 69. Kg1 Qc7 70. Kg2 Kg7 71. Kh2 Qf7 72. Qe5+ Qf6 73. Qc7+ Kh6 74. Qf4+ g5 75. hxg5+ Qxg5 76. Qd6+ Qg6 77. Qf4+ Kh7 78. Qc7+ Qg7 79. Qf4 Qf7 80. Kg2 Kg6 81. Kf2 Qe6 82. Ke2 Qa2+ 83. Kf1 Qc4+ 84. Kg1 Qe6 85. Kf2 Qa2+ 86. Kg1 Qa7+ 87. Kf1 Qd7 88. Ke1 Qd3 89. Kf2 Qd4+ 90. Kg2 Qb2+ 91. Kg1 Qb1+ 92. Kf2 Qc2+ 93. Kg1 Qd1+ 94. Kg2 Qe2+ 95. Kg1 Qe1+ 96. Kg2 Qe2+ 97. Kg1 Qd3 98. Kf2 Qd4+ 99. Ke2 Qd3+ 100. Kf2 Qc2+ 101. Kg1 Qd1+ 102. Kg2 Qe2+ 103. Kg1 Qf3 104. Qxf3 exf3 105. Kf2 h4 106. gxh4 Kh5 107. Kxf3 Kxh4 {[%emt 0:00:06] Ke4} 1/2-1/2

[Event "FIDE WCCC G10 2018"]
[Site "Santiago de Compostela"]
[Date "2018.11.10"]
[Round "6"]
[White "Zhou, Yafei"]
[Black "Kleymenova, Valeria"]
[Result "1-0"]
[ECO "D11"]
[WhiteElo "1648"]
[BlackElo "1773"]
[Annotator "NA"]
[PlyCount "81"]
[EventDate "2018.11.04"]
[EventType "swiss"]
[EventCountry "ESP"]
[SourceTitle "playchess.com"]
[Source "ChessBase"]
[SourceQuality "1"]
[TimeControl "40/5400+30:1800+30"]

1. d4 d5 2. c4 c6 3. Nf3 e6 4. Bg5 Be7 5. Bxe7 Qxe7 6. e3 f5 7. Nc3 Nf6 8. Bd3 O-O 9. O-O Nbd7 10. Qb3 Kh8 11. cxd5 cxd5 12. Rac1 Ne4 13. Ne2 Ndf6 14. Rc2 Nd7 15. Rfc1 Qd6 16. Bb5 Nb6 17. Ne5 Ng5 18. Nf4 Nf7 19. Nxf7+ Rxf7 20. Nd3 a6 21. Ne5 Re7 22. Be2 Bd7 23. Qc3 Be8 24. Qc5 Qd8 25. h3 Rc8 26. Qb4 Rb8 27. Rc7 Nd7 28. Qd6 Kg8 29. Bxa6 Nxe5 30. Qxd8 Rxd8 31. Rxe7 Nf7 32. Bxb7 Nd6 33. Rcc7 Nxb7 34. Rxg7+ Kh8 35. Rxh7+ Kg8 36. Rxb7 Rc8 37. h4 Rd8 38. h5 Rc8 39. h6 Rd8 40. Rbg7+ Kf8 41. Rh8# 1-0

[Event "FIDE WCCC G10 2018"]
[Site "Santiago de Compostela"]
[Date "2018.11.10"]
[Round "6"]
[White "Vlasova, Olesia"]
[Black "Abdinova, Narmin"]
[Result "1-0"]
[ECO "C68"]
[WhiteElo "1639"]
[BlackElo "1320"]
[Annotator "NA"]
[PlyCount "165"]
[EventDate "2018.11.04"]
[EventType "swiss"]
[EventCountry "ESP"]
[SourceTitle "playchess.com"]
[Source "ChessBase"]
[SourceQuality "1"]
[TimeControl "40/5400+30:1800+30"]

1. e4 e5 2. Nf3 Nc6 3. Bb5 a6 4. Bxc6 dxc6 5. O-O Bg4 6. h3 Bxf3 7. Qxf3 Bd6 8. d3 Qf6 9. Qe2 Ne7 10. Nd2 Ng6 11. Nc4 O-O 12. Qg4 h6 13. Bd2 Qe6 14. Qxe6 fxe6 15. Bc3 Rad8 16. Rad1 b6 17. g3 c5 18. Kg2 b5 19. Na5 Ne7 20. Bd2 Kh7 21. Be3 Rb8 22. Rb1 b4 23. Nb3 Rb5 24. Rfc1 Nc6 25. c4 bxc3 26. bxc3 Rfb8 27. Ra1 a5 28. c4 R5b6 29. Nxc5 Bxc5 30. Bxc5 Rb2 31. Rc3 Nd4 32. Bxd4 exd4 33. Ra3 Rd2 34. Rxa5 Rbb2 35. Rf1 Rxd3 36. Rc5 Rxa2 37. Rxc7 Re2 38. Rd7 e5 39. Rb1 Rdd2 40. Rf7 Rb2 41. Rxb2 Rxb2 42. Rf5 Rc2 43. Rxe5 Rxc4 44. Rd5 Kg6 45. Kf3 Kf6 46. Rd6+ Ke5 47. Rd5+ Ke6 48. Kf4 Rc2 49. f3 Rd2 50. Kg4 Rd1 51. f4 d3 52. f5+ Ke7 53. Kf4 d2 54. Ke5 Rg1 55. Rxd2 Rxg3 56. Ra2 Rxh3 57. Ra7+ Kf8 58. Ke6 Kg8 59. Ra8+ Kh7 60. e5 Rb3 61. Rd8 h5 62. f6 gxf6 63. exf6 Kg6 64. Rg8+ Kh6 65. f7 Rb6+ 66. Kd5 Rb5+ 67. Kc4 Rf5 68. f8=Q+ Rxf8 69. Rxf8 Kg5 70. Kd3 Kg4 71. Ke2 Kg3 72. Kf1 h4 73. Kg1 h3 74. Rg8+ Kh4 75. Kh2 Kh5 76. Kxh3 Kh6 77. Kg4 Kh7 78. Rg5 Kh6 79. Kf5 Kh7 80. Rg1 Kh6 81. Rg2 Kh7 82. Kf6 Kh8 83. Kf7 1-0